 Dungeon Crawl Stone Soup version 0.28.0-53-g5a82cb258f (console) character file.

Game seed: 3531313420178480555

8645 erker the Transmogrifier (level 11, -2/64 HPs)
             Began as an Octopode Earth Elementalist on July 27, 2022.
             Was an Initiate of Gozag.
             Killed by divine providence
             ... invoked by an orc priest
              (14 damage)
             ... on level 11 of the Dungeon.
             The game lasted 01:07:03 (13545 turns).

erker the Transmogrifier (OpEE)                    Turns: 13545, Time: 01:07:03

Health: -2/64      AC:  1    Str:  8    XL:     11   Next: 34%
Magic:  26/29      EV: 13    Int: 28    God:    Gozag
Gold:   1654       SH:  0    Dex: 19    Spells: 7/22 levels left

rFire   + . .      SeeInvis +   b - +1 rapier {elec, Int+7 Stlth-}
rCold   + . .      Faith    .   u - orb {guile}
rNeg    . . .      Spirit   .   (helmet restricted)
rPois   +          Reflect  .   (no amulet)
rElec   .          Harm     .   o - ring of protection from cold
rCorr   .          Rampage  .   q - ring of wizardry
Will    .....                   x - ring of poison resistance
Stlth   ++++......              y - ring of see invisible
HPRegen 0.20/turn               z - ring of flight
MPRegen 0.21/turn               U - ring of magical power
                                C - ring of protection from fire
                                K - +6 ring of dexterity

@: gold aura, flying
A: almost no armour, amphibious, 8 rings, camouflage 1, gelatinous body 1,
(nimble swimmer 1), tentacles
a: Renounce Religion, Potion Petition, Call Merchant, Bribe Branch


You were on level 11 of the Dungeon.
You worshipped Gozag.
Gozag was most pleased with you.
You visited 2 branches of the dungeon, and saw 12 of its levels.

You collected 1707 gold pieces.
You paid 53 gold pieces to Gozag.

Inventory:

Hand Weapons
 a - a +0 dagger
 b - the +1 rapier "Hudihuex" (weapon) {elec, Int+7 Stlth-}
   (You found it on level 8 of the Dungeon)

   It occasionally discharges a powerful burst of electricity upon striking a
   foe.
   Int:       It affects your intelligence (+7).
   Stlth:     It makes you less stealthy.
 f - a +0 short sword
 O - the +7 long sword of the Wizarding Moth {flame, Fly rElec Dex+2}
   (You found it on level 9 of the Dungeon)

   It burns those it strikes, dealing additional fire damage.
   Big, fiery blades are also staple armaments of hydra-hunters.
   Dex:       It affects your dexterity (+2).
   rElec:     It insulates you from electricity.
   Fly:       It grants you flight.
 R - a +0 rapier
Missiles
 e - 20 poisoned darts (quivered)
 t - 223 stones
 G - a throwing net
 S - a curare-tipped dart
Armour
 u - an orb of guile (worn)
Jewellery
 o - a ring of protection from cold (left tentacle)
 q - a ring of wizardry (right tentacle)
 x - a ring of poison resistance (on tentacle)
 y - a ring of see invisible (on tentacle)
 z - a ring of flight (on tentacle)
 B - a ring of protection from cold
 C - a ring of protection from fire (on tentacle)
 K - a +6 ring of dexterity (on tentacle)
 U - a ring of magical power (on tentacle)
Wands
 h - a wand of iceblast (11)
 E - a wand of paralysis (26)
 J - a wand of mindburst (22)
 M - a wand of flame (16)
Scrolls
 g - a scroll of magic mapping {unknown}
 j - 4 scrolls of vulnerability
 k - 2 scrolls of immolation {unknown}
 l - 5 scrolls of teleportation
 r - a scroll of fear {unknown}
 v - 2 scrolls of blinking {unknown}
 w - a scroll of torment {unknown}
 D - 2 scrolls of noise {unknown}
 H - 2 scrolls of enchant weapon {unknown}
 I - 2 scrolls of fog {unknown}
 L - a scroll of enchant armour {unknown}
 P - 5 scrolls of identify
 Q - a scroll of acquirement {unknown}
Potions
 c - a potion of lignification
 d - a potion of ambrosia
 i - 2 potions of magic
 m - 5 potions of might
 n - a potion of resistance
 p - a potion of haste
 s - 4 potions of heal wounds
 A - 3 potions of attraction
 F - 2 potions of curing {unknown}
 N - 2 potions of degeneration {unknown}
 T - a potion of berserk rage {unknown}


   Skills:
 - Level 2.0 Fighting
 + Level 3.4 Short Blades
 - Level 2.0 Dodging
 - Level 8.0 Stealth
 - Level 6.0 Spellcasting
 - Level 4.0 Conjurations
 - Level 2.0 Summonings
 + Level 10.4 Transmutations
 - Level 10.0 Earth Magic


You had 7 spell levels left.
You knew the following spells:

 Your Spells              Type           Power      Damage    Failure   Level
a - Sandblast             Erth           100%       2d20      1%          1
d - Call Canine Familiar  Summ           19%        N/A       3%          3
i - Irradiate             Conj/Tmut      24%        3d22      3%          5
p - Petrify               Tmut/Erth      60%        N/A       1%          4
w - Passwall              Tmut/Erth      50%        N/A       1%          2

Your spell library contained the following spells:

 Spells                   Type           Power      Damage    Failure   Level
 Beastly Appendage        Tmut           100%       N/A       1%          1
 Sting                    Tmut/Pois      100%       1d8       1%          1
 Wereblood                Tmut           61%        N/A       1%          2
 Ignite Poison            Fire/Tmut/Pois 27%        N/A       1%          3
 Spider Form              Tmut/Pois      37%        N/A       1%          3
 Stone Arrow              Conj/Erth      94%        3d12      1%          3
 Lee's Rapid Deconstruct  Erth           29%        3d16*     1%          5
 Poisonous Vapours        Pois/Air       16%        N/A       3%          2
 Sublimation of Blood     Necr           8%         N/A       3%          2
 Leda's Liquefaction      Hex/Erth       18%        N/A       3%          4
 Mephitic Cloud           Conj/Pois/Air  15%        N/A       4%          3
 Portal Projectile        Hex/Tloc       16%        N/A       8%          3
 Fulminant Prism          Conj/Hex       9%         3d7       11%         4
 Iskenderun's Mystic Bla  Conj/Tloc      19%        2d6       11%         4
 Olgreb's Toxic Radiance  Pois           8%         N/A       24%         4
 Freezing Cloud           Conj/Ice/Air   7%         6-21      36%         5
 Summon Hydra             Summ           9%         N/A       100%        7


Dungeon Overview and Level Annotations

Branches:
Dungeon (11/15)            Temple (1/1) D:4            Lair (0/6) D:9
    Orc (0/2) D:10

Altars:
Ashenzari
Cheibriados
Dithmenos
Elyvilon
Fedhas
Gozag
Hepliaklqana
Kikubaaqudgha
Makhleb
Nemelex Xobeh
Okawaru
Qazlal
Ru
Sif Muna
Trog
Uskayaw
Vehumet
Wu Jian
Xom
Yredelemnul
Zin
The Shining One

Shops:
D:2 (   D:5 :   D:9 (

Annotations:
D:4 2 transporters, Dowan; Duvessa; MCDelver's ghost, amateur DsGl
D:5 3 runed translucent doors, exclusion: phantom, erker's ghost, novice OpEE
D:9 2 exclusions, Erolcha; Maggie


Innate Abilities, Weirdness & Mutations

You cannot wear most types of armour.
You are amphibious.
You can wear up to eight rings at the same time.
Your skin changes colour to match your surroundings (Stealth+).
Your rubbery body absorbs attacks. (AC +1, EV +1)
((You are camouflaged when in or above water. (Stealth+)))
You have tentacles for arms and can constrict up to eight enemies at once.


Message History

Your hound's corpse disappears in a puff of smoke!
The two-headed ogre shouts in stereo!
Casting: Call Canine Familiar (dangerous; 3% risk of failure)
Confirm with . or Enter, or press ? or * to list all spells.
Aiming: Passwall (safe; 1% risk of failure)
Press: ? - help, Dir - move target, p - two-headed ogre A rock wall.
You begin to meditate on the wall.
You continue meditating on the rock. x2
You finish merging with the rock.
There is a stone staircase leading up here.
Casting: Passwall (safe; 1% risk of failure)
Confirm with . or Enter, or press ? or * to list all spells.
Aiming: Petrify (safe; 1% risk of failure)
Press: ? - help, Shift-Dir - straight line, f - two-headed ogre
Aim: a two-headed ogre, wielding a +0 giant spiked club and a +0 giant club (wandering, hasn't noticed you, chance to affect: 87%)
The two-headed ogre shouts in stereo!
The two-headed ogre is moving more slowly.
The two-headed ogre stops moving altogether!
The orc warrior shouts!
You hear a shout!
The helpless two-headed ogre fails to defend itself.
You spit the two-headed ogre like a pig!!!
The two-headed ogre is moderately wounded.
The helpless two-headed ogre fails to defend itself.
You impale the two-headed ogre!!
The two-headed ogre is heavily wounded.
The orc warrior hits you from afar with a +0 halberd!
The helpless two-headed ogre fails to defend itself.
You skewer the two-headed ogre like a kebab!!!
The two-headed ogre is almost dead.
The orc warrior hits you from afar with a +0 halberd!
The helpless two-headed ogre fails to defend itself.
You impale the two-headed ogre!!
Lightning courses through the two-headed ogre!!
You kill the two-headed ogre!
The orc warrior hits you from afar with a +0 halberd!
* * * LOW HITPOINT WARNING * * *
The orc priest invokes the aid of Beogh against you.
Beogh smites you!
You die...
Your body crumbles into a pile of gold.

######### #.......#
#####.###.#######
#.....# #.......#
###########.# #<#####.#
..........#.###.# #.#
#######O#.#.....# #.#
#.#.#####.# #.# # #.#.#
#..@# #.# # #.#.# #..$#
#.# #
#..$###..o#####.###.###
#
##....'..<'.......^....
#####
#.####O..#####.###...#
...)# #.## #.o...# #.#
.#
....#####..###.........#
$
....'.O.)....'...o.O....
....######..##.....#.#.#


You could see a two-headed ogre (wandering), an orc warrior, an orc priest and
an orc wizard (wandering).

Vanquished Creatures
  A fire dragon (D:9)
  2 two-headed ogres
  2 tengu warriors (D:10)
  A komodo dragon (D:10)
  A troll (D:9)
  A wyvern (D:10)
  9 yaks
  Grum (D:8)
  An acid dragon (D:8)
  A water moccasin (D:6)
  2 black bears (D:6)
  4 orc warriors
  An ogre (D:4)
  4 wolves (D:8)
  A necrophage (D:6)
  2 phantoms (D:5)
  2 kobold brigands
  6 bullfrogs
  A gnoll sergeant (D:6)
  A scorpion (D:5)
  A water moccasin skeleton (D:4)
  10 killer bees (D:10)
  9 wights
  2 electric eels (D:10)
  A bullfrog zombie (D:5)
  A crimson imp (D:6)
  3 centaur zombies
  5 orc priests
  2 bullfrog skeletons (D:6)
  A jelly (D:6)
  A gnoll shaman (D:6)
  A scorpion zombie (D:5)
  Ijyb (D:4)
  5 iguanas
  9 orc wizards
  A killer bee zombie (D:5)
  A howler monkey skeleton (D:4)
  6 adders
  9 gnolls
  A white imp (D:5)
  An adder skeleton (D:4)
  A worm (D:4)
  3 dart slugs
  27 orcs
  9 endoplasms
  17 goblins
  12 hobgoblins
  3 jackals (D:4)
  4 quokkas
  9 ball pythons
  8 bats
  4 frilled lizards
  20 kobolds
  7 rats
239 creatures vanquished.

Vanquished Creatures (collateral kills)
  A centaur (D:11)
  An orc (D:8)
2 creatures vanquished.

Grand Total: 241 creatures vanquished

Notes
Turn   | Place    | Note
-------+----------+-------------------------------------------
     0 | D:1      | erker the Octopode Earth Elementalist began the quest for
                  | the Orb.
     0 | D:1      | Reached XP level 1. HP: 11/11 MP: 3/3
   126 | D:1      | Reached XP level 2. HP: 10/17 MP: 5/5
   335 | D:1      | Found a faded altar of an unknown god.
   746 | D:1      | Reached XP level 3. HP: 14/21 MP: 6/6
  1116 | D:2      | Learned a level 2 spell: Passwall
  1249 | D:2      | Reached skill level 1 in Short Blades
  1391 | D:2      | Reached XP level 4. HP: 23/27 MP: 3/7
  1678 | D:2      | Found a stormy altar of Qazlal.
  2261 | D:2      | Found Ecloshrik's Weapon Boutique.
  3049 | D:3      | Reached XP level 5. HP: 31/31 MP: 6/8
  3271 | D:3      | Learned a level 4 spell: Petrify
  3287 | D:4      | Found a staircase to the Ecumenical Temple.
  3294 | Temple   | Entered the Ecumenical Temple
  3449 | Temple   | Became a worshipper of Gozag Ym Sagoz the Greedy
  3612 | D:4      | Noticed Dowan
  3618 | D:4      | Noticed Duvessa
  3716 | D:4      | Noticed Ijyb
  4178 | D:4      | Found a transporter.
  4207 | D:4      | Noticed an ogre
  4309 | D:4      | Killed an ogre
  4310 | D:4      | Reached XP level 6. HP: 36/36 MP: 5/9
  4539 | D:4      | Killed Ijyb
  4540 | D:4      | Reached skill level 5 in Earth Magic
  4684 | D:4      | Found a transporter.
  4689 | D:4      | Noticed MCDelver's ghost (amateur DsGl)
  5061 | D:5      | Entered Level 5 of the Dungeon
  5081 | D:5      | Reached XP level 7. HP: 41/41 MP: 6/10
  5152 | D:5      | Found Hujic's Self-Improvement Boutique.
  5327 | D:5      | Learned a level 3 spell: Call Canine Familiar
  5435 | D:5      | Reached skill level 1 in Summonings
  5955 | D:5      | Found a runed translucent gate.
  5955 | D:5      | Found a runed translucent gate.
  5956 | D:5      | Found a runed translucent gate.
  5959 | D:5      | Noticed erker's ghost (novice OpEE)
  6104 | D:5      | Reached skill level 5 in Transmutations
  6616 | D:6      | Reached XP level 8. HP: 46/46 MP: 3/11
  6841 | D:6      | Found a burning altar of Makhleb.
  7539 | D:6      | Reached XP level 9. HP: 51/51 MP: 7/15
  7896 | D:7      | Reached skill level 5 in Stealth
  8479 | D:8      | Noticed a two-headed ogre
  8492 | D:8      | Killed a two-headed ogre
  8682 | D:8      | Reached skill level 5 in Spellcasting
  8846 | D:8      | Reached XP level 10. HP: 28/56 MP: 9/18
  9028 | D:8      | Noticed Grum
  9049 | D:8      | Killed Grum
  9058 | D:9      | Found Tachar's Antique Weapon Emporium.
  9093 | D:9      | Noticed Maggie
  9157 | D:9      | Noticed Erolcha
  9510 | D:8      | Reached skill level 10 in Earth Magic
  9619 | D:9      | Noticed a fire dragon
  9623 | D:9      | Found a staircase to the Lair.
  9699 | D:9      | Found a flagged portal.
  9937 | D:9      | Killed a fire dragon
 10606 | D:9      | Identified the +7 long sword of the Wizarding Moth {flame,
                  | Fly rElec Dex+2}
 11278 | D:8      | Identified the +1 rapier "Hudihuex" {elec, Int+7 Stlth-}
 11289 | D:8      | Learned a level 5 spell: Irradiate
 11651 | D:10     | Entered Level 10 of the Dungeon
 11665 | D:10     | Reached skill level 1 in Conjurations
 11669 | D:10     | Reached skill level 10 in Transmutations
 11673 | D:10     | Reached XP level 11. HP: 15/61 MP: 14/20
 12099 | D:10     | Noticed a tengu warrior
 12101 | D:10     | Noticed a tengu warrior
 12109 | D:10     | Killed a tengu warrior
 12120 | D:10     | Killed a tengu warrior
 12121 | D:10     | Reached skill level 1 in Fighting
 12766 | D:10     | Found a staircase to the Orcish Mines.
 13259 | D:11     | Noticed a two-headed ogre
 13267 | D:11     | Noticed a two-headed ogre
 13545 | D:11     | Killed a two-headed ogre
 13545 | D:11     | Killed from afar by an orc priest

Illustrated notes

Levels and vault maps discovered:
D:1:      minmay_arrival_diagonal_passages, layout_basic,
          hellmonk_ecumenical_altar_leap_of_faith, minmay_crystal_room,
          corexii_leaking_fountain
D:2:      minmay_spotlight, layout_loops_corners, serial_shops, shop,
          basic_altar, minmay_tetromino_l4
D:3:      layout_basic, serial_glass, glass_columns_c, glass_columns_a
D:4:      kennysheep_goblin_castle, layout_cave_pools, temple_statues,
          serial_column_ruins, column_ruins_columns_straight,
          column_ruins_grid_1, column_ruins_open_tiny, column_ruins_grid_1,
          column_ruins_grid_3, column_ruins_open_small, gammafunk_ghost_arena,
          uniq_duvessa
D:5:      layout_cave_pods, gammafunk_ghost_necromancy, serial_bayou_pond_c,
          nicolae_shop_self_help
D:6:      layout_basic, makhleb_grotto_becter
D:7:      layout_rooms
D:8:      layout_cave_pools, uniq_grum
D:9:      layout_small_grid, minmay_lair_entry_lava, serial_shops,
          nicolae_shop_crystal, enter_bailey_4, uniq_erolcha, uniq_maggie
D:10:     layout_basic, orc_0_dummy, nicolae_figureground_pulse
D:11:     layout_basic, roderic_batcave
Temple:   kilobyte_greek_temple

Skill      XL: |  1  2  3  4  5  6  7  8  9 10 11 |
---------------+----------------------------------+-----
Stealth        | 3 4 6 8 |  8.0
Short Blades   | 1 2 3 |  3.4
Earth Magic    | 4 5 6 8 9 10 | 10.0
Transmutations | 2 4 6 8 10 | 10.4
Summonings     | 2 |  2.0
Spellcasting   | 4 5 6 |  6.0
Conjurations   | 1 4 |  4.0
Fighting       | 2 |  2.0
Dodging        | |  2.0

Action                   |  1- 3 |  4- 6 |  7- 9 | 10-12 || total
-------------------------+-------+-------+-------+-------++-------
Melee: Unarmed           |    21 |    18 |       |       ||    39
       Tentacles         |    16 |    23 |    31 |    31 ||   101
       Constrict         |    15 |    29 |    25 |    20 ||    89
       Short sword       |    29 |     2 |       |       ||    31
       Punch             |     2 |     1 |     4 |       ||     7
       Dagger            |       |    29 |   102 |    68 ||   199
       Rapier            |       |    81 |       |    46 ||   127
 Cast: Sandblast         |    19 |    46 |    48 |    43 ||   156
       Passwall          |     1 |     6 |     8 |     3 ||    18
       Petrify           |       |     7 |    31 |    43 ||    81
       Call Canine Famil |       |       |     4 |     5 ||     9
       Irradiate         |       |       |       |     1 ||     1
Evoke: Wand              |       |     1 |       |     7 ||     8
  Use: Scroll            |       |       |     9 |     1 ||    10
       Potion            |       |       |       |     2 ||     2
 Stab: Sleeping          |     3 |    16 |    10 |     7 ||    36
       Petrified         |       |    28 |    63 |    67 ||   158
       Petrifying        |       |       |       |     2 ||     2
Armor: Skin              |    10 |    11 |     3 |    22 ||    46
Dodge: Dodged            |    31 |    88 |    37 |    71 ||   227
